 Dungeon Crawl Stone Soup version 0.29-a0-82-g837932c90e (webtiles) character file.

Game seed: 15048057855284763114

259 drugrobin the Grasshopper (level 5, 0/41 HPs)
             Began as a Demigod Warper on Feb 4, 2022.
             Killed from afar by an orc wizard (5 damage)
             ... with a magic dart
             ... on level 3 of the Dungeon.
             The game lasted 00:08:29 (4857 turns).

drugrobin the Grasshopper (Demigod Warper)          Turns: 4857, Time: 00:08:30

Health: 0/41       AC:  3    Str: 12    XL:     5   Next: 63%
Magic:  10/10      EV: 12    Int: 15    God:
Gold:   69         SH:  0    Dex: 17    Spells: 2/7 levels left

rFire   . . .      SeeInvis .   a - +0 spear
rCold   . . .      Faith    .   (no shield)
rNeg    . . .      Spirit   .   b - +0 leather armour
rPois   .          Reflect  .   (no helmet)
rElec   .          Harm     .   (no cloak)
rCorr   .          Rampage  .   (no gloves)
Will    .....                   (no boots)
Stlth   +.........              e - amulet of magic regeneration
HPRegen 0.13/turn               (no ring)
MPRegen 0.52/turn               (no ring)

@: no status effects
A: high MP 1, forlorn, divine attributes
a: no special abilities


You were on level 3 of the Dungeon.
You visited 1 branch of the dungeon, and saw 3 of its levels.

You collected 89 gold pieces.
You spent 20 gold pieces at shops.

Inventory:

Hand Weapons
 a - a +0 spear (weapon)
 j - a +2 whip of freezing
Missiles
 d - 5 boomerangs of dispersal
 f - 72 stones (quivered)
 h - a javelin
Armour
 b - a +0 leather armour (worn)
Jewellery
 e - an amulet of magic regeneration (around neck)
Scrolls
 c - a scroll of blinking
 g - 6 scrolls of identify
Potions
 i - a potion of cancellation


   Skills:
 - Level 1.7 Fighting
 + Level 4.2 Polearms
 - Level 0.8 Throwing
 - Level 0.8 Armour
 - Level 1.7 Dodging
 - Level 1.7 Spellcasting
 + Level 4.7 Translocations


You had 2 spell levels left.
You knew the following spells:

 Your Spells              Type           Power      Damage    Failure   Level
a - Teleport Other        Tloc           15%        N/A       12%         3
b - Blink                 Tloc           30%        N/A       6%          2

Your spell library contained the following spells:

 Spells                   Type           Power      Damage    Failure   Level
 Gell's Gravitas          Tloc           15%        N/A       12%         3
 Lesser Beckoning         Tloc           15%        N/A       12%         3
 Manifold Assault         Tloc           15%        N/A       75%         5


Dungeon Overview and Level Annotations

Branches:
Dungeon (3/15)

Shops:
D:2 ?

Annotations:
D:3 Sigmund


Innate Abilities, Weirdness & Mutations

You have an increased reservoir of magic. (+10% MP)
You shall have no god before yourself.
Your divine heritage dramatically boosts your attributes as you level up.


Message History

You miss something. Something hits you.
You barely miss something. You hit something but do no damage.
Something hits you but does no damage.
You miss something. Something hits you but does no damage.
Unknown command.
You miss something. Something hits you.
* * * LOW HITPOINT WARNING * * *
Unknown command.
You closely miss something. Something hits you.
* * * LOW HITPOINT WARNING * * *
Unknown command.
Okay, then.
Unknown command.
Okay, then.
Okay, then.
Okay, then.
Unknown command.
Unknown command.
You miss something. Something hits you.
* * * LOW HITPOINT WARNING * * *
Unknown command.
You miss something. Something hits you.
* * * LOW HITPOINT WARNING * * *
Unknown command.
You hit something but do no damage. Something hits you but does no damage.
Unknown command.
Unknown command.
Unknown command.
You hit something but do no damage. Something hits you.
* * * LOW HITPOINT WARNING * * *
Unknown command.
Unknown command.
You closely miss something.
Unknown command.
Unknown command.
You hit something but do no damage.
You hear some strange, mumbled words.
A magic dart appears from out of thin air!
The magic dart hits you.
You die...

..# #.##.#.#
.######.##.#†#
........##.#.#######
.#########>#........
># #.#..###### .#
#.#..# .# #.#..# .#
#.#..#############.#
.#
#......@{.)...(.....
.
############)##....
#.# # #.# #o# #o#
#.# #.# #.#


There were no monsters in sight!

Vanquished Creatures
  3 orc priests
  9 adders (D:2)
  2 worms (D:2)
  4 dart slugs
  8 orcs (D:3)
  3 endoplasms
  2 giant cockroaches
  7 hobgoblins
  4 jackals
  3 kobolds
  3 quokkas
  8 ball pythons
  4 bats
  2 frilled lizards
  4 goblins
  8 rats
74 creatures vanquished.

Notes
Turn   | Place    | Note
-------+----------+-------------------------------------------
     0 | D:1      | drugrobin the Demigod Warper began the quest for the Orb.
     0 | D:1      | Reached XP level 1. HP: 17/17 MP: 5/5
   528 | D:1      | Reached XP level 2. HP: 24/24 MP: 7/7
  1305 | D:2      | Reached XP level 3. HP: 16/29 MP: 8/8
  1463 | D:2      | Found Elosiyme's Magic Scroll Shop.
  1484 | D:2      | Bought a scroll of identify for 20 gold pieces
  1793 | D:2      | HP: 1/29 [hobgoblin (4)]
  2098 | D:2      | Reached XP level 4. HP: 26/36 MP: 9/9
  2292 | D:2      | Learned a level 3 spell: Teleport Other
  2353 | D:2      | Learned a level 2 spell: Blink
  4122 | D:2      | Reached XP level 5. HP: 20/41 MP: 10/10
  4332 | D:3      | Noticed Sigmund
  4385 | D:3      | Noticed an ice beast
  4857 | D:3      | Killed from afar by an orc wizard

Illustrated notes

Levels and vault maps discovered:
D:1:      psy_arrival_radial01, layout_basic,
          hellmonk_ecumenical_altar_inner_sanctum,
          hangedman_abyss_or_decor_stabs, st_stairs_10
D:2:      minmay_recursive_quarters, layout_basic, serial_shops, shop,
          basic_altar
D:3:      layout_loops_ring, uniq_sigmund

Skill      XL: |  1  2  3  4  5 |
---------------+----------------+-----
Polearms       | 2 3 4 |  4.2
Translocations | 3 4 |  4.7
Fighting       | |  1.7
Throwing       | |  0.8
Armour         | |  0.8
Dodging        | |  1.7
Spellcasting   | |  1.7

Action                   |  1- 3 |  4- 6 || total
-------------------------+-------+-------++-------
Melee: Spear             |   136 |    92 ||   228
       Punch             |     2 |     1 ||     3
       Whip              |       |    74 ||    74
Throw: Stone             |     9 |     9 ||    18
       Javelin           |       |     8 ||     8
  Use: Scroll            |     3 |       ||     3
 Stab: Sleeping          |       |     1 ||     1
Armor: Leather armour    |    35 |    44 ||    79
Dodge: Dodged            |    82 |    77 ||   159

Table legend: (Time is in decaauts)
 A = Elapsed time spent in this place.
 B = Non-inter-level travel time spent in this place.
 C = Inter-level travel time spent in this place.
 D = Time resting spent in this place.
 E = Time spent auto-exploring this place.
 F = Levels seen in this place.
 G = Mean time per level.
                   A        B        C        D        E       F      G
               +--------+--------+--------+--------+--------+-----+--------+
         Total |   4859 |   4658 |    201 |   1195 |   2633 |   3 | 1619.7 |
       Dungeon |   4859 |   4658 |    201 |   1195 |   2633 |   3 | 1619.7 |
               +--------+--------+--------+--------+--------+-----+--------+

Top non-repeatable levels by time:
     D:2: 2756 daAuts
     D:1: 1467 daAuts
     D:3: 636 daAuts
